Map: Honorgrounds LE

Players

Railgan - Winner!

  • Race: Zerg Zerg
  • League: Grandmaster
  • Spawn Location: 7:00

Glückskeks

  • Race: Terran Terran
  • League: Grandmaster
  • Spawn Location: 11:00

VOD

Have the link to the VOD?

Description

Time

  • Played on: March 24, 2017, 5:54 p.m.
  • Length: 14:11
Show
View Real Time Build Order
Export as new Build Order

Railgan Zerg - Winner!

Build Orders: Hatch First, Muta Ling Bane, Swarm Host 

Get SALT Encoding   

  12  0:02  Drone  
  13  0:12  Overlord  
  13  0:18  Drone  
  14  0:31  Drone x2  
  14  0:35  Drone  
  17  0:48  Drone  
  18  0:58  Hatchery  
  18  0:59  Drone  
  18  1:01  Extractor  
  17  1:15  Spawning Pool  
  16  1:19  Drone  
  16  1:21  Drone  
  18  1:28  Drone  
  19  1:46  Drone  
  20  1:54  Overlord  
  20  2:01  Queen  
  22  2:09  Queen  
  22  2:10  Zergling x4  
  22  2:15  Drone  
  27  2:23  Drone x2  
  27  2:28  Metabolic Boost  
  29  2:31  Drone  
  29  2:35  Drone  
  31  2:37  Queen  
  31  2:41  Spore Crawler  
  32  2:44  Overlord  
  32  2:46  Spore Crawler  
  32  2:49  Drone  
  33  2:54  Queen  
  35  2:59  Drone  
  35  3:04  Drone x2  
  38  3:08  Evolution Chamber  
  38  3:09  Drone  
  38  3:10  Drone  
  38  3:11  Drone  
  41  3:13  Drone  
  41  3:16  Drone  
  43  3:25  Drone  
  44  3:29  Overlord  
  44  3:32  Extractor  
  44  3:33  Extractor  
  42  3:35  Drone  
  42  3:36  Drone  
  42  3:40  Zerg Ground Armor Level 1  
  44  3:45  Lair  
  44  3:47  Overlord  
  44  3:48  Drone x2  
  46  3:56  Drone  
  46  3:57  Drone x3  
  46  4:01  Drone  
  51  4:03  Drone  
  51  4:05  Overlord  
  51  4:07  Extractor, Zergling x2  
  51  4:08  Zergling x2  
  53  4:12  Zergling x2  
  54  4:20  Drone  
  54  4:21  Drone  
  54  4:23  Zergling x4  
  58  4:25  Drone  
  59  4:33  Drone  
  59  4:34  Baneling Nest  
  59  4:35  Drone  
  58  4:41  Zergling x2  
  58  4:42  Drone x2  
  58  4:44  Drone  
  62  4:46  Spire, Drone  
  62  5:02  Drone  
  62  5:04  Spore Crawler  
  62  5:09  Zergling x10  
  66  5:21  Hatchery  
  66  5:28  Overlord  
  65  5:32  Zergling x4  
  65  5:33  Overlord, Zergling x2  
  65  5:34  Overlord, Centrifical Hooks  
  67  5:36  Baneling x2  
  67  5:50  Zerg Melee Weapons Level 1  
  65  5:58  Mutalisk x5  
  65  6:01  Mutalisk  
  71  6:10  Mutalisk  
  73  6:12  Drone x5  
  78  6:18  Evolution Chamber  
  78  6:22  Infestation Pit  
  78  6:24  Zergling x4  
  78  6:30  Overlord  
  78  6:32  Zergling x2  
  79  6:37  Zergling x2  
  80  6:40  Drone x3  
  80  6:43  Zerg Ground Armor Level 2  
  80  6:44  Drone x3  
  80  6:45  Drone x2  
  88  6:48  Drone  
  88  6:49  Zerg Flyer Weapons Level 1  
  81  7:09  Baneling  
  81  7:10  Baneling  
  81  7:11  Drone x3  
  81  7:14  Drone x10  
  94  7:21  Drone  
  94  7:24  Extractor  
  94  7:25  Extractor  
  91  7:31  Swarm Host  
  91  7:32  Swarm Host x4  
  106  7:41  Overlord x2  
  106  7:42  Overlord  
  104  7:56  Overlord x2  
  104  7:57  Zerg Melee Weapons Level 2  
  104  7:58  Overlord, Hatchery  
  104  8:00  Hatchery  
  104  8:02  Swarm Host, Hive  
  104  8:04  Zergling x8  
  109  8:13  Swarm Host  
  109  8:14  Swarm Host x2  
  109  8:17  Zergling x6  
  121  8:20  Overseer  
  121  8:21  Pneumatized Carapace  
  121  8:26  Zergling x2  
  121  8:27  Zergling x10  
  127  8:28  Baneling x2  
  127  8:29  Baneling x2  
  127  8:43  Zergling x14  
  134  8:49  Zergling x12  
  134  8:53  Swarm Host x4  
  152  9:00  Zergling x2  
  148  9:03  Overlord  
  142  9:12  Zergling x2  
  142  9:16  Corruptor x3, Greater Spire  
  149  9:19  Zergling x2  
  150  9:28  Zergling x2  
  150  9:29  Drone x6  
  150  9:30  Drone  
  156  9:38  Zergling x6  
  157  9:39  Corruptor  
  161  9:48  Zergling x2  
  161  9:49  Zergling x10  
  167  9:59  Corruptor x2  
  169  10:00  Zergling x2  
  169  10:01  Zergling x4  
  169  10:03  Baneling  
  169  10:04  Baneling x5  
  169  10:05  Overlord  
  172  10:07  Zergling x2  
  156  10:26  Zergling x2  
  156  10:27  Zergling x8  
  156  10:28  Corruptor  
  145  10:29  Zergling x2  
  145  10:32  Drone x2  
  145  10:34  Brood Lord x4  
  145  10:35  Corruptor  
  155  10:36  Zergling x10  
  155  10:37  Drone x2  
  164  10:48  Zergling x12  
  168  10:52  Drone x4  
  172  10:59  Corruptor  
  172  11:00  Corruptor  
  172  11:01  Drone x2  
  178  11:08  Zergling x2  
  177  11:13  Drone  
  177  11:14  Drone x5  
  177  11:15  Overlord  
  180  11:19  Zerg Flyer Armor Level 1  
  180  11:20  Overlord  
  180  11:21  Spire  
  166  11:40  Corruptor  
  166  11:42  Zergling x2  
  169  11:48  Drone  
  169  11:49  Drone x4, Hatchery  
  169  11:51  Drone  
  164  11:55  Zergling x4  
  164  11:58  Zergling x2  
  164  11:59  Zergling x2  
  164  12:00  Zergling x2  
  162  12:02  Zergling x2  
  160  12:10  Zergling x2  
  160  12:15  Corruptor x2  
  158  12:19  Zergling x2  
  159  12:26  Corruptor  
  159  12:27  Corruptor  
  159  12:28  Zergling x10  
  167  12:32  Extractor, Drone  
  167  12:33  Extractor, Zergling x2  
  167  12:40  Zergling x6  
  167  12:42  Zergling x2  
  171  12:50  Zergling x2  
  171  12:51  Zergling x4  
  170  12:53  Zergling x12  
  170  12:58  Drone x2  
  168  13:00  Drone  
  168  13:03  Drone  
  171  13:10  Zergling x6  
  171  13:13  Corruptor x2  
  171  13:16  Viper  
  171  13:17  Corruptor  
  171  13:18  Zergling x2  
  171  13:19  Zergling x4  
  183  13:24  Zergling x2  
  183  13:25  Zergling x2  
  185  13:31  Zergling x2  
  185  13:32  Zergling x6  
  182  13:42  Corruptor  
  182  13:44  Zergling x2  
  186  13:54  Zergling x6  
Show
View Real Time Build Order
Export as new Build Order

Glückskeks Terran 

Build Orders: Reaper Expand 

Get SALT Encoding   

  12  0:00  SCV  
  13  0:12  SCV  
  14  0:18  Supply Depot  
  14  0:24  SCV  
  15  0:29  Refinery  
  15  0:40  SCV  
  16  0:46  Barracks  
  16  0:52  SCV  
  17  1:04  SCV  
  18  1:16  SCV  
  19  1:32  Reaper, Orbital Command  
  20  1:48  Command Center  
  20  1:59  SCV  
  21  2:04  Factory  
  21  2:11  SCV  
  21  2:14  Supply Depot  
  22  2:16  Barracks Reactor  
  22  2:23  SCV  
  23  2:31  Refinery  
  23  2:36  SCV  
  24  2:48  SCV  
  25  2:58  Factory  
  25  3:00  SCV  
  25  3:01  Hellion x2  
  25  3:05  Orbital Command  
  30  3:10  Barracks Reactor  
  30  3:13  SCV  
  31  3:23  Hellion  
  31  3:24  Hellion  
  31  3:25  SCV  
  36  3:32  SCV  
  37  3:37  SCV  
  37  3:39  Supply Depot  
  38  3:44  SCV  
  39  3:49  SCV  
  39  3:52  Armory  
  39  3:56  SCV  
  39  3:57  Cyclone  
  39  4:01  Cyclone  
  39  4:02  SCV  
  47  4:08  SCV  
  47  4:09  Supply Depot  
  48  4:14  Supply Depot, SCV  
  49  4:20  SCV  
  50  4:27  SCV  
  51  4:36  SCV  
  51  4:37  Refinery  
  52  4:40  Refinery, Command Center  
  52  4:43  SCV  
  53  4:47  Cyclone  
  53  4:48  SCV  
  57  4:53  Terran Vehicle Weapons Level 1  
  57  4:55  SCV  
  57  4:58  Cyclone  
  61  5:00  SCV  
  61  5:04  Engineering Bay  
  62  5:07  SCV  
  62  5:12  SCV  
  64  5:18  Supply Depot  
  64  5:19  SCV  
  68  5:24  SCV  
  69  5:33  SCV  
  70  5:39  Factory, SCV  
  70  5:40  Factory  
  74  5:44  Widow Mine  
  74  5:45  Widow Mine, SCV  
  73  5:52  SCV  
  75  5:57  SCV  
  75  5:58  Missile Turret  
  75  6:00  Missile Turret  
  75  6:01  Missile Turret x2  
  75  6:04  SCV  
  71  6:05  Missile Turret  
  71  6:07  Orbital Command  
  71  6:09  SCV  
  71  6:16  Widow Mine x2, SCV  
  71  6:18  Widow Mine  
  76  6:21  Widow Mine, SCV  
  76  6:24  Factory Tech Lab x2  
  81  6:28  Missile Turret  
  81  6:29  SCV  
  81  6:31  Starport x2  
  82  6:33  SCV  
  82  6:37  Missile Turret, SCV  
  82  6:43  Supply Depot  
  82  6:47  Thor  
  82  6:48  SCV  
  82  6:54  SCV x2  
  91  7:01  Hellion, SCV  
  87  7:02  Hellion  
  87  7:05  Cyclone x2  
  90  7:10  SCV  
  90  7:12  Starport Reactor x2  
  90  7:14  SCV  
  92  7:16  SCV  
  92  7:29  Hellion x2  
  90  7:30  SCV x2  
  90  7:31  Refinery  
  90  7:33  Armory  
  90  7:34  Refinery  
  90  7:36  Terran Vehicle And Ship Armor Level 1  
  90  7:46  SCV  
  90  7:47  SCV  
  90  7:48  SCV  
  93  8:02  Command Center  
  93  8:08  Supply Depot  
  93  8:10  Supply Depot  
  93  8:12  Liberator  
  93  8:15  Liberator  
  93  8:21  Terran Vehicle Weapons Level 2  
  93  8:25  Infernal Pre-Igniter, Thor  
  93  8:26  Hellion  
  101  8:30  Hellion x2, SCV  
  101  8:32  SCV x2  
  114  8:34  Siege Tank  
  114  8:42  SCV  
  114  8:44  SCV  
  113  8:49  Liberator  
  113  8:50  Liberator, Hellion x2  
  117  8:59  Supply Depot  
  117  9:00  Supply Depot  
  117  9:02  Refinery, Command Center  
  117  9:04  Refinery  
  117  9:05  Missile Turret, SCV  
  117  9:06  Missile Turret  
  117  9:08  SCV  
  117  9:14  Siege Tank x2  
  123  9:19  SCV  
  123  9:21  Hellion  
  122  9:27  Liberator  
  120  9:32  Missile Turret  
  120  9:35  Hellion  
  127  9:45  Hellion  
  127  9:46  Siege Tank x2  
  127  9:47  SCV  
  127  9:49  SCV  
  127  9:50  Refinery  
  129  10:10  Supply Depot  
  129  10:11  Supply Depot  
  129  10:12  Supply Depot  
  109  10:22  Viking x3  
  109  10:23  Hellion x3  
  109  10:24  Hellion  
  109  10:26  SCV  
  96  10:29  Planetary Fortress  
  87  10:39  Widow Mine, Viking  
  87  10:40  Widow Mine  
  87  10:41  SCV x2  
  95  10:43  Terran Vehicle And Ship Armor Level 2  
  93  10:50  Orbital Command  
  91  11:01  Hellion x2  
  89  11:09  Siege Tank  
  91  11:12  Viking x2  
  91  11:13  SCV  
  93  11:20  Hellion x2, SCV x2  
  93  11:23  Refinery  
  99  11:32  Missile Turret  
  99  11:35  SCV  
  99  11:36  Hellion  
  85  11:48  Viking  
  79  11:55  Orbital Command  
  79  11:57  Hellion x4  
  79  12:00  SCV x2  
  87  12:06  Hellion  
  87  12:07  Refinery  
  88  12:10  Refinery  
  88  12:12  SCV x2  
  89  12:18  Hellion  
  89  12:19  Hellion  
  91  12:23  Viking, SCV  
  91  12:25  Viking  
  91  12:26  Hellion  
  92  12:54  Hellion  
  92  12:56  SCV x2  
  92  12:57  SCV  
  92  12:58  SCV  
  92  12:59  Hellion  
  92  13:20  Orbital Command  
  92  13:21  Starport  
  92  13:24  Refinery  
  92  13:25  Supply Depot  
  92  13:28  Refinery, Supply Depot  
  92  13:30  Supply Depot  
  92  13:35  Refinery  
  92  13:36  Refinery  
  92  13:39  Starport  
  92  13:41  Viking  
  92  13:42  Hellion  
  92  13:43  Hellion  
  92  13:47  Hellion x2  
  99  13:49  Hellion x4  
  99  13:50  Hellion  
Tags
 
Add a new tag
Caveats
  • Supply blocks, unpowered buildings, or Contaminate may cause inaccurate times.
  • Supply counts are checked every 10 seconds.